 Dungeon Crawl Stone Soup version 0.31-a0-185-g9dded2c639 (webtiles) character file.

Game seed: 11079608215134751846

63 qw the Shooter (level 3, 0/20 HPs)
             Began as a Deep Elf Hunter on June 22, 2023.
             Succumbed to an adder's poison
             ... on level 2 of the Dungeon.
             The game lasted 00:00:32 (979 turns).

qw the Shooter (Deep Elf Hunter)                     Turns: 979, Time: 00:00:32

Health: 0/20       AC:  5    Str: 10    XL:     3   Next: 87%
Magic:  5/5        EV: 11    Int: 13    God:
Gold:   107        SH:  0    Dex: 18    Spells: 2/2 levels left

rFire   . . .        Y - +0 shortbow
rCold   . . .        (shield currently unavailable)
rNeg    . . .        f - +0 ring mail
rPois   .            (no helmet)
rElec   .            (no cloak)
rCorr   .            (no gloves)
SInv    .            (no boots)
Will    .....        (no amulet)
Stlth   +            e - +4 ring of slaying {mikee}
HPRegen 0.23/turn    (no ring)
MPRegen 0.09/turn

%: no passive effects
@: lethally poisoned (0 -> -3)
A: no striking features
a: no special abilities


You were on level 2 of the Dungeon.
You visited 1 branch of the dungeon, and saw 2 of its levels.

You collected 140 gold pieces.
You spent 33 gold pieces at shops.


   Skills:
 - Level 1.5 Fighting
 + Level 7.3 Ranged Weapons
 - Level 2.4 Dodging
 - Level 1.2 Stealth


You had 2 spell levels left.
You didn't know any spells.
Your spell library was empty.

Inventory:

Hand Weapons
 Y - a +0 shortbow (weapon)
Armour
 b - a +0 pair of boots
 f - a +0 ring mail (worn)
Jewellery
 e - a +4 ring of slaying (left hand) {mikee}
 h - a ring of protection from cold
Scrolls
 a - a scroll of enchant armour {unknown}
 i - 3 scrolls of fog {unknown}
Potions
 c - a potion of enlightenment {unknown}
 d - a potion of might {unknown}
 g - 2 potions of curing

Dungeon Overview and Level Annotations

Branches:
Dungeon (2/15)

Altars:

Shops:
D:1 !([[


Message History

Enter note:
Enter note:
Enter note: An adder comes into view.
Enter note:
Enter note:
Enter note:
Enter note: You shoot an arrow.
The arrow hits the adder but does no damage.
The adder hisses angrily.
An endoplasm comes into view.
You shoot an arrow. The arrow closely misses the adder.
The endoplasm quivers.
You shoot an arrow. The arrow barely misses the adder.
The adder bites you but does no damage. The adder bites you.
You are poisoned.
The adder poisons you!
You shoot an arrow. The arrow misses the adder.
The arrow hits the endoplasm!
You kill the endoplasm!
You feel sick. The adder bites you.
You shoot an arrow. The arrow hits the adder.
The adder is lightly wounded.
You feel sick. The adder bites you. The adder barely misses you.
You shoot an arrow. The arrow barely misses the adder.
You feel sick. The adder bites you but does no damage.
The adder barely misses you.
You shoot an arrow. The arrow completely misses the adder.
You feel sick. The adder bites you.
You are lethally poisoned!
The adder poisons you!
You shoot an arrow. The arrow hits the adder.
The adder is heavily wounded.
You feel sick. The adder closely misses you.
The adder bites you but does no damage.
You shoot an arrow. The arrow closely misses the adder.
You feel sick. The adder bites you but does no damage.
You shoot an arrow. The arrow hits the adder!
You kill the adder!
You die...

#.......## ........ ####....#
....... >........ .....
........# ..[. ......... ..#
......#.# #.# ........# #@# .
........### #.# #.
............####.# #. #
...####.#.#...##.##### #.##
........#.###........# #...
........#.# ####........ #...
..........######.#######
######. .#####.###...##.##...##
##...##.
#...#.##.....###.....###.....##


There were no monsters in sight!

Vanquished Creatures
  2 adders (D:2)
  4 dart slugs
  4 ball pythons
  3 endoplasms
  3 giant cockroaches
  3 goblins
  6 hobgoblins
  8 kobolds
  3 quokkas (D:1)
  2 bats
  3 frilled lizards
  2 rats
43 creatures vanquished.

Notes
Turn   | Place    | Note
-------+----------+-------------------------------------------
     0 | D:1      | qw the Deep Elf Hunter began the quest for the Orb.
     0 | D:1      | Reached XP level 1. HP: 12/12 MP: 3/3
     0 | D:1      | 0 ||| qw: Version: 0.3-a-9-g12657ce
     0 | D:1      | 0 ||| qw: Game counter: 1810
     0 | D:1      | 0 ||| qw: Always use a shield: true
     0 | D:1      | 0 ||| qw: God list: Okawaru
     0 | D:1      | 0 ||| qw: Allow faded altars: false
     0 | D:1      | 0 ||| qw: Do Orc after D:15 true
     0 | D:1      | 0 ||| qw: Do second Lair branch before Depths: true
     0 | D:1      | 0 ||| qw: Lair rune preference: random
     0 | D:1      | 0 ||| qw: Plans: Normal
     0 | D:1      | 0 ||| PLANNING D:1-11
   137 | D:1      | Reached XP level 2. HP: 16/16 MP: 4/4
   142 | D:1      | Reached skill level 6 in Ranged Weapons
   148 | D:1      | Found Xiawka Nige's Armour Shop.
   159 | D:1      | 159 ||| SHOPLISTING +0 ring mail (56 gold, have 39).
   173 | D:1      | Found Ceara's Antique Armour Emporium.
   182 | D:1      | 182 ||| SHOPLISTING bronze scale mail (189 gold, have 51).
   182 | D:1      | 182 ||| SHOPLISTING cloak (94 gold, have 51).
   182 | D:1      | 182 ||| SHOPLISTING embroidered scarf (168 gold, have 51).
   182 | D:1      | 182 ||| SHOPLISTING glowing helmet (157 gold, have 51).
   182 | D:1      | 182 ||| SHOPLISTING pair of boots (94 gold, have 51).
   182 | D:1      | 182 ||| SHOPLISTING ring mail (84 gold, have 51).
   182 | D:1      | 182 ||| SHOPLISTING shiny ring mail (147 gold, have 51).
   183 | D:1      | Found Oruyps's Weapon Emporium.
   196 | D:1      | Found Deirawuf's Distillery.
   203 | D:1      | 203 ||| SHOPLISTING 3 potions of curing (99 gold, have 51).
   203 | D:1      | 203 ||| BUYING potion of curing (33 gold).
   203 | D:1      | Bought a potion of curing for 33 gold pieces
   203 | D:1      | 203 ||| SHOPLISTING potion of might (44 gold, have 18).
   232 | D:1      | 232 ||| FLEEEEING.
   233 | D:1      | 233 ||| FLEEEEING.
   234 | D:1      | 234 ||| FLEEEEING.
   503 | D:1      | Reached XP level 3. HP: 20/20 MP: 5/5
   675 | D:1      | 675 ||| UPGRADING to +0 ring mail.
   685 | D:1      | 685 ||| DROPPING +0 leather armour.
   686 | D:1      | 686 ||| UPGRADING to +4 ring of slaying {mikee}.
   687 | D:1      | 687 ||| READING scroll labelled WEIPPEILUH.
   688 | D:1      | 688 ||| READING scroll labelled COIRRI PUOSS.
   689 | D:1      | 689 ||| DROPPING scroll of butterflies.
   804 | D:2      | Reached skill level 7 in Ranged Weapons
   976 | D:2      | HP: 5/20 [adder (1)]
   978 | D:2      | HP: 1/20 [poisoned by an adder]
   979 | D:2      | Succumbed to an adder's poison

Levels and vault maps discovered:
D:1:      sevenhm_arrival_forest_fort_large_2, layout_loops_cross, serial_shops,
          nicolae_diamond_shop, shop_fountains, shop, shop, solitary_fountain,
          minmay_crystal_water, minmay_close_crescents
D:2:      kennysheep_six_static_rooms, layout_basic, serial_curves,
          eino_curves_02, eino_curves_04, eino_curves_04,
          basic_ecumenical_altar, minmay_fountain_box, hangedman_decor_opposing

Skill      XL: |  1  2  3 |
---------------+----------+-----
Ranged Weapons | 6 7 |  7.3
Fighting       | |  1.5
Dodging        | |  2.4
Stealth        | |  1.2

Action                     || total
---------------------------++-------
   Fire: Shortbow          ||   117
    Use: Scroll            ||     2
 Armour: Leather armour    ||    14
         Ring mail         ||     8
  Dodge: Dodged            ||    31

Table legend:
 A = Non-vault XP
 B = Vault XP
 C = Vault XP percentage of total XP
 D = Non-vault monster count
 E = Vault monster count
 F = Vault count percentage of total count
                 A         B        C        D         E       F
            +---------+---------+-------+---------+---------+-------
      Total |      83 |      20 |  19.4 |      32 |      11 |  25.6
            +---------+---------+-------+---------+---------+-------
        D:1 |      40 |       8 |  16.7 |      21 |       5 |  19.2
        D:2 |      43 |      12 |  21.8 |      11 |       6 |  35.3
            +---------+---------+-------+---------+---------+-------
